[Event "*** Titled Tuesday Blitz"]
[Site "Chess.com"]
[Date "2019.04.02"]
[Round "6"]
[White "Touching3200"]
[Black "vovachesss"]
[Result "0-1"]
[WhiteElo "2380"]
[BlackElo "2525"]
[TimeControl "180+2"]
[EndTime "15:19:10 PDT"]
[Termination "vovachesss won by resignation"]

1. c4 Nf6 2. Nc3 d5 3. cxd5 Nxd5 4. e4 Nxc3 5. bxc3 e5 6. Nf3 Nc6 7. Bb5 Bd7 8. d4 exd4 9. cxd4 Bb4+ 10. Bd2 Bxd2+ 11.
Qxd2 O-O 12. Rd1 Qe7 13. Qe2 Qb4+ 14. Rd2 Qb1+ 15. Rd1 Qb4+ 16. Rd2 Rad8 17. d5 Rfe8 18. Bd3 Ne7 19. Bc4 Qb1+ 20. Rd1 Qb4+ 21. Rd2 Nf5 22. O-O Nd6 23. Rd4 Qb6 24. Rfd1 Bf5 25. e5 Bg6 26. Qf1 Nxc4 27. Qxc4 Bh5 28. R4d3 Bxf3 29.
Rxf3 Rxe5 30. d6 Rd7 31. Rxf7 Rxf7 32. d7 Qxf2+ 33. Kh1 Re1+ 0-1

[Event "*** Titled Tuesday Blitz"]
[Site "Chess.com"]
[Date "2019.04.02"]
[Round "6"]
[White "CookiesAndIceCream"]
[Black "Mikhail_Golubev"]
[Result "0-1"]
[WhiteElo "2353"]
[BlackElo "2432"]
[TimeControl "180+2"]
[EndTime "15:19:10 PDT"]
[Termination "Mikhail_Golubev won by checkmate"]

1. e4 c5 2. Nf3 d6 3. d4 cxd4 4. Nxd4 Nf6 5. Nc3 g6 6. Be3 Bg7 7. f3 Nc6 8. Qd2 O-O 9. Bc4 Bd7 10. O-O-O Rb8 11. Bb3 Na5 12. Bh6 Bxh6 13. Qxh6 b5 14.
Nd5 Nxb3+ 15. axb3 e5 16. Nf5 Bxf5 17. exf5 Nxd5 18.
Rxd5 Rb6 19. Kb1 gxf5 20. f4 f6 21. Rhd1 Ra6 22. R1d3 Qa5 23. Rg3+ Kf7 24. c3 Qa1+ 25. Kc2 Ra2 26. Qg7+ Ke8 27. Rxb5 Qxb2+ 28. Kd3 Qe2# 0-1

[Event "*** Titled Tuesday Blitz"]
[Site "Chess.com"]
[Date "2019.04.02"]
[Round "6"]
[White "Karina_Oparina"]
[Black "NMZanette"]
[Result "1/2-1/2"]
[WhiteElo "2244"]
[BlackElo "2221"]
[TimeControl "180+2"]
[EndTime "15:19:17 PDT"]
[Termination "Game drawn by repetition"]

1. Nf3 Nf6 2. g3 g6 3. Bg2 Bg7 4. O-O O-O 5. c4 d6 6. Nc3 e5 7. d3 h6 8. Rb1 Nc6 9. b4 Ne8 10. b5 Ne7 11. a4 f5 12. Bd2 g5 13. a5 Rb8 14. Ne1 Be6 15. Nc2 Nf6 16. a6 b6 17.
Nb4 Qe8 18. Nc6 Nxc6 19. Bxc6 Qh5 20. Bg2 Ng4 21. h3 Nf6 22. e3 Qg6 23. Nd5 Bxd5 24. Bxd5+ Kh8 25. e4 f4 26. g4 h5 27. f3 Bh6 28.
Kg2 Rfe8 29. Qe2 Re7 30. Rh1 h4 31. Kf2 Bf8 32. Bc3 Nd7 33. Qb2 Bg7 34. Ke2 Qf6 35.
Rbd1 Nc5 36. Qc2 Rf8 37. d4 exd4 38. Bxd4 Qg6 39. Bf2 Rfe8 40. Rhe1 Rf8 41. Kf1 Nd7 42. Re2 Ne5 43. Kg2 Qe8 44. Bd4 Qg6 45. Bf2 Kh7 46. Rc1 Kh6 47. Qd1 Qf6 48. Qd2 Ree8 49. Ree1 Qe7 50.
Red1 Rd8 51. Bb7 Nd7 52. Bd5 Ne5 53. Bb7 Nd7 54. Bd5 Ne5 55. Bb7 Nd7 1/2-1/2

[Event "*** Titled Tuesday Blitz"]
[Site "Chess.com"]
[Date "2019.04.02"]
[Round "6"]
[White "nurgyulsalimova"]
[Black "cukus"]
[Result "1-0"]
[WhiteElo "2527"]
[BlackElo "2397"]
[TimeControl "180+2"]
[EndTime "15:19:19 PDT"]
[Termination "nurgyulsalimova won by resignation"]

1. e4 e5 2. Nf3 Nf6 3. Nxe5 d6 4.
Nf3 Nxe4 5. c4 Nc6 6. d3 Nf6 7. d4 d5 8. c5 a6 9. Bd3 Be7 10. h3 O-O 11. O-O Ne4 12. Nc3 Nxc3 13. bxc3 b6 14. cxb6 cxb6 15. a4 Bd6 16. Bg5 Qc7 17.
Qb3 Be6 18. Rab1 Rfb8 19. Qc2 h6 20. Bd2 Na5 21. Bf5 Re8 22. Rfe1 Bxf5 23. Qxf5 Qc6 24. Qg4 Bc7 25. Nh4 Rxe1+ 26. Rxe1 Nc4 27. Nf5 Qf6 28. Bxh6 b5 29. Bxg7 Qc6 30. Bf6+ 1-0

[Event "*** Titled Tuesday Blitz"]
[Site "Chess.com"]
[Date "2019.04.02"]
[Round "6"]
[White "Zq1"]
[Black "GukeshDommaraju"]
[Result "0-1"]
[WhiteElo "2526"]
[BlackElo "2622"]
[TimeControl "180+2"]
[EndTime "15:19:19 PDT"]
[Termination "GukeshDommaraju won by resignation"]

1. d4 d5 2. c4 c6 3. cxd5 cxd5 4. Bg5 h6 5. Bh4 g5 6. Bg3 Bg7 7. Nc3 Nf6 8. e3 O-O 9. Bd3 Nc6 10. h4 g4 11.
Nge2 Nh5 12. Qb3 e5 13. Bxe5 Nxe5 14. dxe5 Bxe5 15. Rd1 Be6 16. Qa4 Qf6 17. g3 a6 18.
Nd4 b5 19. Qc2 Rac8 20. Qe2 Bxd4 21. exd4 b4 22. Nb1 Rfe8 23. O-O Bf5 24. Qd2 Be4 25. Bxe4 Rxe4 26. b3 Rce8 27. Qd3 Re2 28. Nd2 Qg6 29. Qxg6+ fxg6 30. Kg2 Ng7 31. Rh1 Rf8 32. Rhf1 Nf5 33. Kg1 Nxd4 34. Nb1 Nf3+ 35. Kg2 d4 36. Rd3 Ne1+ 37.
Rxe1 Rxe1 0-1

[Event "*** Titled Tuesday Blitz"]
[Site "Chess.com"]
[Date "2019.04.02"]
[Round "6"]
[White "Heineccius"]
[Black "Medvegy"]
[Result "1-0"]
[WhiteElo "2504"]
[BlackElo "2511"]
[TimeControl "180+2"]
[EndTime "15:19:19 PDT"]
[Termination "Heineccius won on time"]

1. d4 e6 2. c4 f5 3. g3 Nf6 4.
Bg2 c6 5. Nf3 d5 6. O-O Bd6 7.
Nc3 O-O 8. Qc2 Ne4 9. Rb1 Qe7 10. b4 Bxb4 11. Nxe4 fxe4 12. Bg5 Qd6 13. c5 Qc7 14.
Ne5 Na6 15. Bf4 Qe7 16. f3 exf3 17. Rxf3 Ba5 18. Rbf1 Bd7 19. Bh3 Bc7 20. e4 Bxe5 21. Bxe5 Rxf3 22. Rxf3 Re8 23. Bd6 Qg5 24. Qf2 h6 25. e5 Nb4 26. Bf1 Kh7 27. a3 1-0

[Event "*** Titled Tuesday Blitz"]
[Site "Chess.com"]
[Date "2019.04.02"]
[Round "6"]
[White "kasparicy"]
[Black "LaughingTiger"]
[Result "1-0"]
[WhiteElo "2341"]
[BlackElo "2170"]
[TimeControl "180+2"]
[EndTime "15:19:21 PDT"]
[Termination "kasparicy won by checkmate"]

1. e4 c5 2. Nf3 e6 3. d4 cxd4 4. Nxd4 a6 5. f4 b5 6. Bd3 Qb6 7. Nf3 Nc6 8. Qe2 Nf6 9. Be3 Bc5 10. Bxc5 Qxc5 11. Nbd2 Bb7 12. Nb3 Qb6 13. g4 d5 14.
e5 Nd7 15. O-O-O O-O-O 16. Ng5 Rhf8 17. Nxh7 Rfe8 18. Ng5 Re7 19. Kb1 f6 20. exf6 gxf6 21. Nxe6 Nf8 22. f5 Nxe6 23. fxe6 Ne5 24. Bf5 Kb8 25.
Nd4 Nc4 26. h4 Qc5 27. Rh3 b4 28. h5 a5 29. h6 a4 30. h7 Rh8 31. g5 fxg5 32.
Bd3 Nxb2 33. Qe5+ Ka7 34. Qxh8 Nxd1 35. Nb5+ Kb6 36. Qd8+ Kc6 37. h8=Q Nc3+ 38. Nxc3 Qg1+ 39. Kb2 a3+ 40. Kb3 Qc1 41. Bb5+ Kc5 42. Qxe7+ Kb6 43. Qhd8+ Ka7 44. Qc5# 1-0

[Event "*** Titled Tuesday Blitz"]
[Site "Chess.com"]
[Date "2019.04.02"]
[Round "6"]
[White "NCchamp"]
[Black "TheBigBadChessDad"]
[Result "0-1"]
[WhiteElo "2175"]
[BlackElo "2229"]
[TimeControl "180+2"]
[EndTime "15:19:22 PDT"]
[Termination "TheBigBadChessDad won by resignation"]

1. c4 e5 2. Nc3 Nc6 3. Nf3 f5 4.
d3 Nf6 5. g3 Bb4 6. Bg2 a5 7.
O-O O-O 8. Qc2 d6 9. a3 Bxc3 10. Qxc3 a4 11. b4 axb3 12. Qxb3 Kh8 13. e3 Qe8 14. Bb2 b6 15. c5 bxc5 16. Ng5 Bd7 17. Rfb1 h6 18. Nf3 Qb8 19. Qc2 Qa7 20. Nh4 Rfb8 21. d4 exd4 22. exd4 Nxd4 23. Bxd4 Rxb1+ 24. Rxb1 cxd4 25. Bxa8 Qxa8 26. Nxf5 Bc6 27. Nxd4 Be4 28. Qc1 Bxb1 29. Qxb1 Qxa3 30. Qb8+ Kh7 31. Qxc7 Qa1+ 32.
Kg2 Qxd4 33. Qc2+ Qe4+ 34. Qxe4+ Nxe4 35. Kf3 Nf6 36. Kf4 Kg6 37. h3 Kf7 38. g4 Ke6 39. h4 Nd5+ 40. Ke4 g5 41. hxg5 hxg5 42. f3 Nf4 43.
Kd4 d5 44. Ke3 Ke5 45. Kf2 d4 46. Ke1 Ne6 47. Kf2 Kf4 48. Kg2 d3 49. Kf2 Nd4 0-1

[Event "*** Titled Tuesday Blitz"]
[Site "Chess.com"]
[Date "2019.04.02"]
[Round "6"]
[White "Nancy11111"]
[Black "regular_legs"]
[Result "0-1"]
[WhiteElo "2272"]
[BlackElo "2444"]
[TimeControl "180+2"]
[EndTime "15:19:24 PDT"]
[Termination "regular_legs won by resignation"]

1. d4 e6 2. e4 d5 3. exd5 exd5 4. Nf3 c6 5. Bd3 Bd6 6. h3 Ne7 7. O-O O-O 8. c3 Bf5 9. Re1 Bxd3 10. Qxd3 Nd7 11. Ne5 f6 12. Nxd7 Qxd7 13. Nd2 a5 14. a4 Rfe8 15. Nf3 Ng6 16. Bd2 Kf7 17. Rxe8 Rxe8 18.
Re1 Rxe1+ 19. Nxe1 Qe6 20. Qe3 Qe4 21. Qxe4 dxe4 22.
f3 exf3 23. Nxf3 b5 24. b3 Ke6 25. c4 bxc4 26. bxc4 Bb4 27. Bc1 Kf5 28. Kf2 Ke4 29. Be3 Ne7 30. Ke2 Nc8 31. g4 Nd6 32. c5 Nc4 33. Bg1 Nb2 34. Nd2+ Kd5 35. Nb1 Kc4 36. h4 Nxa4 37. g5 fxg5 38. hxg5 Nc3+ 39. Nxc3 Bxc3 40. d5 Kxd5 41. Kd3 Bb4 42. Bd4 g6 43.
Bb2 Bxc5 44. Ba1 a4 45. Bf6 a3 46. Ba1 Bd6 0-1

[Event "*** Titled Tuesday Blitz"]
[Site "Chess.com"]
[Date "2019.04.02"]
[Round "6"]
[White "SlavenPastar"]
[Black "medalja"]
[Result "0-1"]
[WhiteElo "2440"]
[BlackElo "2296"]
[TimeControl "180+2"]
[EndTime "15:19:25 PDT"]
[Termination "medalja won by resignation"]

1. d4 Nf6 2. c4 e6 3. Nc3 Bb4 4. e3 d5 5. cxd5 exd5 6. Bd3 O-O 7. Ne2 c5 8. O-O b6 9. Bd2 Nc6 10. Rc1 Re8 11. a3 Ba5 12. Bb5 Bd7 13. dxc5 bxc5 14.
Qa4 Bxc3 15. Rxc3 d4 16. Rxc5 dxe3 17. Bxe3 Ne5 18. Rd1 Bxb5 19. Rxb5 Qc7 20. Rc5 Qe7 21. Nf4 Neg4 22. Rc3 Ne4 23. Nd5 Qh4 24. h3 Ngxf2 25. Rf1 Nxh3+ 26. gxh3 Qg3+ 27. Kh1 Qxh3+ 28. Kg1 Qg4+ 29.
Kh2 Qh5+ 30. Kg1 Qxd5 31. Rc7 Qd6 32. Bf4 Qg6+ 33. Kh1 Qh5+ 34. Bh2 Ng3+ 35. Kg2 Nxf1 36. Rxa7 Qxh2+ 37. Kxf1 Qe2+ 38. Kg1 Qe3+ 0-1

[Event "*** Titled Tuesday Blitz"]
[Site "Chess.com"]
[Date "2019.04.02"]
[Round "6"]
[White "vladimirdamjanovic"]
[Black "sergiochess83"]
[Result "1-0"]
[WhiteElo "2560"]
[BlackElo "2721"]
[TimeControl "180+2"]
[EndTime "15:19:27 PDT"]
[Termination "vladimirdamjanovic won by resignation"]

1. e4 c5 2. Nf3 d6 3. d4 cxd4 4.
Nxd4 Nf6 5. Nc3 a6 6. Qf3 e6 7. Be2 Nbd7 8. Be3 Qc7 9. Qg3 b5 10. a3 Bb7 11. f3 Rc8 12. O-O-O Qb8 13. Bd2 Ne5 14. Rhe1 Ng6 15. h4 Be7 16. Kb1 h5 17.
Nxe6 Nxe4 18. Nxe4 Bxe4 19. fxe4 Bxh4 20. Nxg7+ Kf8 21.
Ne6+ Kg8 22. Qb3 Bxe1 23. Ng5 d5 24. Bxe1 Nf4 25. Bf3 Qe5 26. Bh4 Rc4 27. exd5 Ng6 28.
Nxf7 Kxf7 29. d6 Nxh4 30. Bd5+ Kg7 31. Bxc4 bxc4 32. Qb7+ Kh6 33. d7 Qf6 34. Qc7 Rd8 35.
Rd6 1-0

[Event "*** Titled Tuesday Blitz"]
[Site "Chess.com"]
[Date "2019.04.02"]
[Round "6"]
[White "BvsN"]
[Black "ZeroRealtorFade"]
[Result "0-1"]
[WhiteElo "2270"]
[BlackElo "2264"]
[TimeControl "180+2"]
[EndTime "15:19:32 PDT"]
[Termination "ZeroRealtorFade won by resignation"]

1. d4 Nf6 2. c4 c5 3. d5 b5 4. cxb5 a6 5. e3 g6 6. Nc3 Bg7 7. a4 O-O 8. e4 d6 9. Nf3 Nbd7 10. Bd2 axb5 11. Bxb5 Ng4 12. O-O Nge5 13. Nxe5 Bxe5 14. Bh6 Re8 15. f4 Bd4+ 16. Kh1 Ba6 17. Qf3 Bxb5 18. axb5 Rxa1 19. Rxa1 Qb6 20. Rf1 f6 21. h4 Bxc3 22.
bxc3 Qxb5 23. h5 Nf8 24. e5 Ra8 25. Re1 Kf7 26. Bxf8 Rxf8 27. Qe3 Re8 28. c4 Qa4 29.
f5 g5 30. exd6 exd6 31. Qxe8+ Qxe8 32. Rxe8 Kxe8 33. g4 Kd7 34. Kg2 Kc7 35. Kf3 Kb6 36. Ke3 Ka5 37. Kd2 Kb4 38. Kd3 h6 0-1

[Event "*** Titled Tuesday Blitz"]
[Site "Chess.com"]
[Date "2019.04.02"]
[Round "6"]
[White "platy3"]
[Black "maloy07"]
[Result "0-1"]
[WhiteElo "2775"]
[BlackElo "2837"]
[TimeControl "180+2"]
[EndTime "15:19:36 PDT"]
[Termination "maloy07 won by resignation"]

1. c4 Nf6 2. Nc3 g6 3. g3 Bg7 4.
Bg2 O-O 5. e4 c5 6. Nge2 Nc6 7.
d3 a6 8. h3 d6 9. Be3 Bd7 10. O-O Qc8 11. Kh2 Rb8 12. f4 b5 13.
b3 e5 14. f5 Nd4 15. g4 b4 16. Nd5 Nxd5 17. cxd5 Qd8 18. Qd2 a5 19. Bg5 f6 20.
Be3 g5 21. h4 h6 22. hxg5 hxg5 23. Ng3 a4 24. Bxd4 cxd4 25. Rfc1 Qb6 26. Rc4 Bb5 27. Rc2 Rfc8 28. Rac1 Rc3 29. Bf1 axb3 30. axb3 Rxb3 31.
Rc8+ Rxc8 32. Rxc8+ Kh7 33. Nh5 Rc3 34. Ra8 Ra3 35. Rc8 Qa6 36. Nxf6+ Bxf6 37. Rc7+ Kg8 38. Qxb4 Ra1 39. Bg2 Bd8 40. Rc2 Ba5 41. Qb2 Bc3 42. Qb3 Kg7 43. f6+ Kxf6 44. Rf2+ Ke7 45. Qc2 Bxd3 46.
Qb3 Qb5 0-1

[Event "*** Titled Tuesday Blitz"]
[Site "Chess.com"]
[Date "2019.04.02"]
[Round "6"]
[White "Kimster98"]
[Black "Sanyura"]
[Result "1-0"]
[WhiteElo "2602"]
[BlackElo "2438"]
[TimeControl "180+2"]
[EndTime "15:19:36 PDT"]
[Termination "Kimster98 won by checkmate"]

1. Nf3 Nf6 2. b3 g6 3. Bb2 Bg7 4. g3 O-O 5. Bg2 d6 6. d4 Nbd7 7. O-O c6 8. c4 b5 9. cxb5 cxb5 10. Ne5 Ba6 11. Nc6 Qb6 12. Nxe7+ Kh8 13. Bxa8 Rxa8 14.
d5 b4 15. Nc6 Re8 16. Re1 Kg8 17. Qd4 Qb5 18. a4 bxa3 19. Nxa3 Qxb3 20. Qd2 Ne4 21. Qa5 Bxb2 22. Qxa6 Bxa1 23. Rxa1 Qb2 24. Rf1 Ndc5 25. Qxa7 Qxe2 26. Nb1 Qf3 27. Qa3 Qf6 28. Qe3 Kf8 29.
Nd2 Ng5 30. Qd4 Qf5 31. Qh8# 1-0

[Event "*** Titled Tuesday Blitz"]
[Site "Chess.com"]
[Date "2019.04.02"]
[Round "6"]
[White "Panchenko_Dmitry"]
[Black "Satscho"]
[Result "1-0"]
[WhiteElo "2530"]
[BlackElo "2301"]
[TimeControl "180+2"]
[EndTime "15:19:37 PDT"]
[Termination "Panchenko_Dmitry won by resignation"]

1. e4 c6 2. d4 d5 3. exd5 cxd5 4. Bd3 Nf6 5. h3 Nc6 6. c3 g6 7. Bf4 Bg7 8. Nd2 O-O 9. Ne2 Re8 10. O-O e5 11. dxe5 Nxe5 12. Bc2 Nc6 13. Bg5 h6 14. Bxf6 Qxf6 15. Nb3 Qg5 16. Kh1 Qh4 17. Ng1 g5 18.
Qxd5 Be6 19. Qe4 f5 20. Qxh4 gxh4 21. Nc5 Bc4 22. Rfe1 b6 23. Bb3 Bxb3 24. Nxb3 Ne5 25. Re2 Nd3 26. Rd2 Rad8 27. Nf3 Bf6 28. Nbd4 Nf4 29. Rad1 a5 30. Nxf5 Rxd2 31. Rxd2 a4 32. Nxh6+ Kh7 33. Ng4 Bg7 34. a3 b5 35. Nxh4 Re1+ 36.
Kh2 Ne2 37. Nf3 1-0

[Event "*** Titled Tuesday Blitz"]
[Site "Chess.com"]
[Date "2019.04.02"]
[Round "6"]
[White "kuli4ik"]
[Black "Micki-taryan"]
[Result "0-1"]
[WhiteElo "2777"]
[BlackElo "2959"]
[TimeControl "180+2"]
[EndTime "15:19:38 PDT"]
[Termination "Micki-taryan won by resignation"]

1. d4 Nf6 2. Bg5 e6 3. e4 h6 4. Bxf6 Qxf6 5. c3 d6 6. Bd3 Nd7 7. Ne2 g6 8. O-O Bg7 9. Nd2 O-O 10. f4 Qe7 11. Kh1 c5 12. f5 cxd4 13. cxd4 e5 14. fxg6 fxg6 15. Rxf8+ Nxf8 16. dxe5 dxe5 17. Nc3 Ne6 18.
Bc4 Kh7 19. Nd5 Qd6 20. Nf3 Nd4 21. Rc1 Bg4 22. Be2 Bxf3 23. Bxf3 Rf8 24. Rc3 Rf7 25. h3 Qd8 26. Qe1 Qg5 27. Kh2 h5 28. h4 Qd8 29.
Kh3 Bh6 30. Qg3 Bf4 31. Nxf4 Rxf4 32. Qg5 Qxg5 33. hxg5 Ne6 34. Kg3 Nxg5 35. Rc7+ Rf7 36. Rc5 Re7 37. Rd5 Kg7 38. Rd6 Ne6 39. Bd1 Nc5 40. Bc2 Rc7 41. a3 Nd7 42. Bb3 Nf6 43. Kf3 Re7 44. Bc4 g5 45. b3 g4+ 46. Ke3 h4 47. Be6 Ne8 48. Rd7 Rxd7 49. Bxd7 Nf6 50. Bc8 b6 51. Kd3 Kg6 52. Ke3 Kg5 53. b4 Nh5 54.
Ba6 Nf4 55. Kf2 Ne6 56. Bc4 Nd4 57. Ke3 h3 58. gxh3 gxh3 59. Bf1 Kg4 60. Bxh3+ Kxh3 61. Kd3 b5 0-1

[Event "*** Titled Tuesday Blitz"]
[Site "Chess.com"]
[Date "2019.04.02"]
[Round "6"]
[White "Mikedannnn"]
[Black "adriangschnitzer"]
[Result "0-1"]
[WhiteElo "2512"]
[BlackElo "2420"]
[TimeControl "180+2"]
[EndTime "15:19:41 PDT"]
[Termination "adriangschnitzer won by resignation"]

1. e4 e6 2. d4 d5 3. Nc3 Nf6 4. e5 Nfd7 5. f4 c5 6. Nf3 Nc6 7. Be3 b6 8. Qd2 Be7 9. O-O-O c4 10. g4 b5 11. f5 b4 12. Ne2 Qa5 13. Kb1 Nb6 14.
Nf4 c3 15. Qf2 cxb2 16. f6 gxf6 17. exf6 Na4 18. Bd2 Nc3+ 19. Bxc3 bxc3 20. Nd3 Ba6 21. Nfe5 Bc4 22. Nxc4 dxc4 23. Bg2 Rc8 24. fxe7 cxd3 25. Bxc6+ Rxc6 26. Rhf1 f5 27. Qg2 Ra6 28. Qa8+ Kf7 29. e8=Q+ Rxe8 30. Qb7+ Re7 31. Qb3 Rb6 32. Qc4 dxc2+ 33.
Kxc2 Rb4 34. Qc6 Qxa2 35. Rb1 Qb3+ 0-1

[Event "*** Titled Tuesday Blitz"]
[Site "Chess.com"]
[Date "2019.04.02"]
[Round "6"]
[White "gmjoey1"]
[Black "chessdjw"]
[Result "1-0"]
[WhiteElo "2509"]
[BlackElo "2606"]
[TimeControl "180+2"]
[EndTime "15:19:42 PDT"]
[Termination "gmjoey1 won on time"]

1. e4 g6 2. h4 Bg7 3. h5 c5 4. d3 Nc6 5. h6 Bf6 6. Nc3 e6 7. Nf3 Nge7 8. e5 Nxe5 9. Ne4 N7c6 10.
Nd6+ Kf8 11. Bf4 Nxf3+ 12. Qxf3 Bxb2 13. Rb1 Bc3+ 14. Kd1 f6 15. Ne4 Be5 16. Bxe5 Nxe5 17. Qf4 Kf7 18. Nxc5 d5 19. d4 g5 20. Qg3 Ng6 21.
Nxb7 Qd7 22. Nd6+ Ke7 23. Nb5 Nf4 24. Qa3+ Kf7 25. g3 Ng6 26. Nd6+ Kg8 27. Bb5 Qc7 28. Rb3 Bd7 29. Rc3 Qd8 30. Nb7 Qe8 31. Rc7 Nf8 32. Nc5 Rd8 33. Qxa7 1-0

[Event "*** Titled Tuesday Blitz"]
[Site "Chess.com"]
[Date "2019.04.02"]
[Round "6"]
[White "GM_RobertoMogranzini"]
[Black "gonzaga23"]
[Result "1-0"]
[WhiteElo "2462"]
[BlackElo "2345"]
[TimeControl "180+2"]
[EndTime "15:19:42 PDT"]
[Termination "GM_RobertoMogranzini won by resignation"]

1. e4 c6 2. d3 d5 3. Nf3 dxe4 4. Ng5 Nf6 5. Nc3 Bf5 6. Ngxe4 Nxe4 7. dxe4 Qxd1+ 8. Kxd1 Bg6 9. f3 Nd7 10. Be3 e5 11. a3 Bc5 12. Ke2 O-O-O 13. Rd1 Bxe3 14. Kxe3 Nc5 15. Bc4 Kc7 16. b4 Nd7 17. Bb3 a6 18. Na4 b6 19. Nb2 b5 20. Nd3 a5 21. Rd2 axb4 22. axb4 Ra8 23. Rhd1 Rhd8 24. g3 h6 25. f4 exf4+ 26. gxf4 Re8 27. e5 f6 28. e6 Nf8 29. Nc5 Bf5 30. Rd7+ Nxd7 31. Rxd7+ Kc8 32.
Rxg7 Ra3 33. Kd2 Rxb3 34. cxb3 Bxe6 35. Rg6 Bd5 36. Rxf6 h5 37. Rh6 Bf3 38. f5 Re2+ 39.
Kd3 Rxh2 40. f6 Bd5 41. Kd4 Rf2 42. Ke5 h4 43. Rxh4 Re2+ 44. Kd6 Kb8 45. Rh8+ Ka7 46. Rh7+ Ka8 47. Kc7 Ka7 48. Kd6+ Ka8 49. Nd7 Re6+ 50. Kc7 Ka7 51. f7 Re7 52. f8=Q 1-0

[Event "*** Titled Tuesday Blitz"]
[Site "Chess.com"]
[Date "2019.04.02"]
[Round "6"]
[White "Guenplen"]
[Black "AryanTari"]
[Result "1-0"]
[WhiteElo "2930"]
[BlackElo "2848"]
[TimeControl "180+2"]
[EndTime "15:19:43 PDT"]
[Termination "Guenplen won by resignation"]

1. Nf3 Nf6 2. c4 c5 3. Nc3 d5 4.
cxd5 Nxd5 5. Qa4+ Nc6 6. Ne5 Nxc3 7. dxc3 Qc7 8. Bf4 Qa5 9. Qxa5 Nxa5 10. e4 a6 11.
O-O-O f6 12. Nc4 Nxc4 13. Bxc4 e6 14. a4 b6 15. Bc7 Bd7 16. Bxb6 Bxa4 17. Rd2 Rb8 18.
Bc7 Rc8 19. Ba5 Kf7 20. b3 Bc6 21. Rhd1 Be7 22. f3 Bb5 23. Kc2 Bxc4 24. bxc4 f5 25. Rd7 Rhe8 26. R1d6 fxe4 27. fxe4 Kf6 28. Rxa6 Ra8 29. e5+ Kxe5 30. Rxe7 Rxa6 31. Bc7+ Kf6 32. Rxe8 Ra2+ 33. Kd3 Rxg2 34. Bg3 g5 35. Rf8+ Ke7 36. Rh8 1-0

[Event "*** Titled Tuesday Blitz"]
[Site "Chess.com"]
[Date "2019.04.02"]
[Round "6"]
[White "Amirreza_p"]
[Black "TheBigBoss04"]
[Result "1-0"]
[WhiteElo "2766"]
[BlackElo "2561"]
[TimeControl "180+2"]
[EndTime "15:19:46 PDT"]
[Termination "Amirreza_p won by resignation"]

1. e4 g6 2. d4 Bg7 3. Nf3 d6 4. Be2 a6 5. O-O e6 6. Be3 b5 7.
Nbd2 Bb7 8. Re1 Nd7 9. a4 bxa4 10. Rxa4 Nb6 11. Ra5 Nf6 12. Bd3 O-O 13. h3 Qb8 14.
c3 Bc6 15. Qc2 Qb7 16. Rea1 Bb5 17. c4 Bc6 18. d5 Bd7 19. Bd4 c5 20. Bc3 exd5 21.
cxd5 Bb5 22. Bxb5 axb5 23. b3 b4 24. Bb2 Rxa5 25. Rxa5 Ra8 26. Rxa8+ Qxa8 27. Nc4 Nxc4 28. Qxc4 Qa2 29. Bxf6 Bxf6 30. g3 Qb1+ 31. Kg2 Bd4 32.
e5 dxe5 33. d6 Qf5 34. Qd5 Qd7 35. Ng5 Kg7 36. Ne4 f5 37. Nxc5 Bxc5 38. Qxe5+ Kf7 39. Qxc5 Ke6 40. Qxb4 Qc6+ 41. Kf1 Qh1+ 42. Ke2 Qxh3 43. Qd4 Qg4+ 44. Qxg4 fxg4 45. Ke3 g5 46. Ke4 Kxd6 47. Kf5 h6 48. Kxg4 1-0

[Event "*** Titled Tuesday Blitz"]
[Site "Chess.com"]
[Date "2019.04.02"]
[Round "6"]
[White "Tiqr777"]
[Black "SARGISMV"]
[Result "0-1"]
[WhiteElo "2634"]
[BlackElo "2455"]
[TimeControl "180+2"]
[EndTime "15:19:46 PDT"]
[Termination "SARGISMV won by resignation"]

1. d4 Nf6 2. Nf3 g6 3. Bg5 Bg7 4. Nbd2 d5 5. e3 O-O 6. Bd3 c5 7. c3 Bg4 8. h3 Bxf3 9. Nxf3 Nbd7 10. O-O Rc8 11. Rc1 Qb6 12. Qe2 h6 13. Bh4 Rfe8 14.
Rb1 e5 15. dxe5 Nxe5 16. Nxe5 Rxe5 17. Bg3 Re6 18. Qd2 Rd8 19. b4 c4 20. Bc2 Ne4 21.
Bxe4 dxe4 22. Qe2 Rd3 23. Rfc1 Bxc3 24. Rc2 Qb5 25. a4 Qxa4 26. Ra2 Qb5 27. Rxa7 Ra6 28. Rxa6 Qxa6 29. b5 Qe6 30. Qa2 Qd5 31. Qa4 Bg7 32. b6 c3 33. Rc1 Kh7 34. h4 h5 35. Qe8 Rd1+ 36. Rxd1 Qxd1+ 37. Kh2 Qd5 38. Qc8 Bf6 39. Qc7 Kg7 40. Bd6 c2 41. Ba3 Be5+ 0-1

[Event "*** Titled Tuesday Blitz"]
[Site "Chess.com"]
[Date "2019.04.02"]
[Round "6"]
[White "Witik"]
[Black "UCantHandleDenker"]
[Result "1-0"]
[WhiteElo "2618"]
[BlackElo "2476"]
[TimeControl "180+2"]
[EndTime "15:19:46 PDT"]
[Termination "Witik won on time"]

1. d4 Nf6 2. c4 g6 3. Nc3 Bg7 4. e4 d6 5. f3 O-O 6. Be3 c5 7. Nge2 Nc6 8. d5 Ne5 9. Ng3 e6 10. Be2 exd5 11. cxd5 a6 12. a4 h5 13. O-O h4 14.
Nh1 h3 15. g4 Nh7 16. f4 Nd7 17. g5 Re8 18. Ng3 Rb8 19. Bg4 b5 20. axb5 axb5 21. e5 dxe5 22. f5 Nxg5 23. Nce4 Nxe4 24. Nxe4 Nf6 25.
fxg6 Nxg4 26. gxf7+ Kh8 27. fxe8=Q+ Qxe8 28. Bxc5 Qg6 29. Ng3 Bb7 30. Qf3 e4 31. Qxe4 Qxe4 32. Nxe4 Bxd5 33. Rf4 Ne5 34. Ng5 Nd3 35. Rh4+ Kg8 36.
Bd4 Nxb2 37. Ra7 Bxd4+ 38. Rxd4 Bc6 39. Nh7 1-0

[Event "*** Titled Tuesday Blitz"]
[Site "Chess.com"]
[Date "2019.04.02"]
[Round "6"]
[White "KRASAVCHIK2002"]
[Black "djogrodek1"]
[Result "0-1"]
[WhiteElo "2404"]
[BlackElo "2533"]
[TimeControl "180+2"]
[EndTime "15:19:47 PDT"]
[Termination "djogrodek1 won by resignation"]

1. e4 c5 2. Nf3 Nc6 3. d4 cxd4 4.
Nxd4 g6 5. Nc3 Bg7 6. Be3 Nf6 7. Nxc6 bxc6 8. e5 Ng8 9. f4 f6 10. e6 Nh6 11. exd7+ Bxd7 12. Be2 Nf5 13. Bf2 O-O 14. O-O Qc7 15. Bc4+ Kh8 16. Qf3 Nd6 17. Bd3 Rab8 18.
Rae1 Bf5 19. b3 Qd7 20. Ne4 Nxe4 21. Bxe4 e5 22. Bxc6 Qc7 23. Be4 Bxe4 24. Qxe4 f5 25. Qa4 e4 26. c4 Rb7 27. Be3 Qe7 28. Rd1 h6 29. Qc6 Kh7 30. Qd6 Qf7 31. Qd5 Qc7 32.
Qd6 Qa5 33. Rd2 Qc3 34. Kf2 g5 35. g3 Rff7 36. Re2 Rbd7 37. Qc5 Rd3 38. Rc1 Qf6 39.
Rcc2 gxf4 40. Bxf4 Qg6 41. Re3 Bd4 42. Qd5 Bxe3+ 0-1

[Event "*** Titled Tuesday Blitz"]
[Site "Chess.com"]
[Date "2019.04.02"]
[Round "6"]
[White "iturrizaga"]
[Black "robbykevlishvili"]
[Result "1/2-1/2"]
[WhiteElo "2890"]
[BlackElo "2855"]
[TimeControl "180+2"]
[EndTime "15:19:50 PDT"]
[Termination "Game drawn by repetition"]

1. c4 e5 2. Nc3 Nf6 3. Nf3 Nc6 4. e3 Bb4 5. Qc2 d6 6. Ne2 a5 7. a3 Bc5 8. d4 exd4 9. exd4 Ba7 10. h3 O-O 11. Be3 Re8 12. Rd1 Ne7 13. Ng3 b5 14. b3 a4 15. Be2 axb3 16. Qxb3 Rb8 17. cxb5 Ned5 18. O-O Nxe3 19. fxe3 Qe7 20. e4 c5 21. Bc4 cxd4 22. Kh1 Be6 23. Nxd4 Bxd4 24. Rxd4 Bxc4 25. Qxc4 Qe5 26. Nf5 Nxe4 27. a4 Rbc8 28. Qd5 Qxd5 29. Rxd5 Ra8 30. Rd4 g6 31. Nh6+ Kg7 32.
Rf4 Ng3+ 33. Kh2 Ne2 34. Rxf7+ Kxh6 35. Rh4+ Kg5 36. Rg4+ Kh6 37. Rh4+ Kg5 38. Rg4+ Kh6 39. Rh4+ 1/2-1/2

[Event "*** Titled Tuesday Blitz"]
[Site "Chess.com"]
[Date "2019.04.02"]
[Round "6"]
[White "IIIlllII1llIl"]
[Black "GameOverBro"]
[Result "0-1"]
[WhiteElo "2767"]
[BlackElo "2524"]
[TimeControl "180+2"]
[EndTime "15:19:51 PDT"]
[Termination "GameOverBro won on time"]

1. e4 d6 2. d4 Nf6 3. Nc3 e5 4. Nf3 Nbd7 5. Bc4 Be7 6. a4 h6 7. O-O c6 8. Ba2 Qc7 9. Re1 Nf8 10. Qd3 Ng6 11. Qc4 Bd8 12. d5 O-O 13. h3 a6 14.
Be3 c5 15. b4 b6 16. bxc5 bxc5 17. Reb1 Nh5 18. Ne2 f5 19. exf5 Rxf5 20. Nd2 Nhf4 21. Ng3 Rf8 22. Nde4 Nh4 23. Bxc5 Bxh3 24. gxh3 Nxh3+ 25. Kh2 Qd7 26. Bxd6 Nf3+ 27. Kh1 Nf4 28. Qf1 Be7 29.
Bxe7 Kh8 30. Bxf8 Qd8 31. Nf5 Qxf8 32. Neg3 Qf7 33. Rb3 e4 34. Rxf3 exf3 35. Re1 Qg6 36. Re4 Ng2 37. Nd4 Re8 38. Rxe8+ Qxe8 39. Nxf3 Nf4 40.
Qc1 g5 41. d6 Qd7 42. Qa1+ Kh7 43. Ng1 Qg4 44. Bg8+ Kxg8 45. Qa2+ Kf8 0-1